AoeStats
← rooney

Arena

504275917Analyzed
4v4 RM · 29d ago on Sep 4, 2026· 67m 0s· 8 players
Game mode
Random Map
Map size
Large (8 player)
Population
200
Speed
Normal
Resources
Standard
Victory
Conquest
Starting age
Dark Age
Ending age
Imperial Age
RankedLock teamsTeams togetherTeam positionsShared explorationLock speedFull tech treeHidden civsTurbo modeCheats
Victory
Defeat
🇳🇱 Spanish · Netherlands
801
+15
🇮🇹 Italians · Italy
770
+17
🇩🇪 Turks · Germany
750
+18
🇮🇪 Portuguese · Ireland
724
+19
🇬🇧 Goths · United Kingdom
858
-20
🇮🇳 Teutons · India
843
-20
🇮🇳 Khmer · India
830
-19
🇨🇱 Burmese · Chile
617
-10
YaLittle-
10:56 Feudal Age
11:53 Double-Bit Axe
11:52 Horse Collar
16:47 Gold Mining
17:48 Wheelbarrow
20:22 Castle Age
19:44 Stone Mining
22:41 Heavy Plow
23:25 Bow Saw
28:07 Imperial Age
26:18 Fletching
26:28 Scale Mail Armor
26:15 Treadmill Crane
28:42 Hand Cart
31:04 Chemistry
31:58 Chain Mail Armor
31:55 Forging
35:56 Bodkin Arrow
36:42 Iron Casting
36:38 Plate Mail Armor
36:18 Siege Engineers
36:10 Murder Holes
37:13 Elite Organ Gun
40:08 Arquebus
39:37 Pikeman
Spironolacton
12:26 Loom
14:39 Feudal Age
19:07 Castle Age
16:59 Double-Bit Axe
17:36 Horse Collar
24:40 Bow Saw
30:40 Heavy Plow
31:40 Forging
32:50 Scale Barding Armor
33:26 Iron Casting
33:52 Bloodlines
34:05 Chain Barding Armor
37:20 Imperial Age
35:40 Wheelbarrow
35:12 Padded Archer Armor
36:39 Hand Cart
36:55 Leather Archer Armor
36:31 Fletching
38:34 Ring Archer Armor
37:59 Bodkin Arrow
38:18 Squires
39:28 Scale Mail Armor
40:29 Blast Furnace
39:30 Bracer
40:28 Chain Mail Armor
41:18 Two-Man Saw
41:24 Town Watch
43:08 Town Patrol
43:01 Elite Janissary
44:25 Plate Mail Armor
45:47 Ballistics
45:23 Murder Holes
45:40 Masonry
45:16 Arrowslits
45:42 Fortified Wall
48:14 Plate Barding Armor
49:32 Architecture
55:00 Husbandry
65:45 Artillery
66:21 Hoardings
carognavera
9:34 Feudal Age
10:54 Wheelbarrow
10:07 Double-Bit Axe
10:05 Horse Collar
11:54 Gold Mining
19:17 Stone Mining
22:40 Castle Age
25:10 Hand Cart
25:17 Bow Saw
25:14 Heavy Plow
29:09 Town Watch
32:28 Imperial Age
32:56 Padded Archer Armor
32:46 Fletching
35:20 Town Patrol
35:24 Squires
34:45 Pikeman
35:12 Arson
37:23 Chemistry
36:43 Ballistics
38:00 Elite Genoese Crossbowman
39:02 Heated Shot
42:42 Two-Man Saw
42:15 Crop Rotation
42:28 Onager
62:58 Leather Archer Armor
62:39 Bodkin Arrow
62:55 Forging
62:45 Scale Mail Armor
SirDutchy
10:58 Feudal Age
16:18 Castle Age
14:24 Double-Bit Axe
14:48 Horse Collar
15:00 Gold Mining
15:59 Stone Mining
22:02 Heavy Plow
22:59 Fletching
23:10 Padded Archer Armor
23:16 Inquisition
27:00 Sanctity
26:42 Bodkin Arrow
27:05 Leather Archer Armor
28:48 Loom
34:02 Imperial Age
33:15 Fortified Wall
35:33 Onager
35:38 Pikeman
36:19 Squires
36:04 Arson
49:15 Bracer
49:47 Ring Archer Armor
49:18 Scale Mail Armor
49:29 Forging
49:25 Scale Barding Armor
50:31 Bow Saw
51:29 Chemistry
50:27 Murder Holes
53:32 Iron Casting
53:12 Chain Mail Armor
53:18 Chain Barding Armor
55:09 Blast Furnace
55:55 Wheelbarrow
OldFlesty
0:28 Loom
12:23 Feudal Age
14:10 Wheelbarrow
17:32 Castle Age
16:37 Double-Bit Axe
16:51 Horse Collar
18:30 Hand Cart
18:55 Town Watch
25:19 Town Patrol
29:35 Gold Mining
29:38 Stone Mining
30:20 Bow Saw
30:14 Heavy Plow
30:55 Stone Shaft Mining
32:40 Anarchy
35:18 Imperial Age
33:07 Forging
32:59 Scale Mail Armor
34:32 Iron Casting
33:25 Pikeman
37:21 Two-Man Saw
37:46 Chemistry
37:07 Ballistics
37:24 Conscription
37:29 Halberdier
39:22 Blast Furnace
38:37 Chain Mail Armor
38:51 Perfusion
42:28 Fletching
43:43 Elite Skirmisher
47:00 Onager
54:50 Capped Ram
60:35 Bodkin Arrow
findsarfaraz
12:06 Feudal Age
15:42 Castle Age
14:04 Stone Mining
17:14 Loom
21:44 Double-Bit Axe
25:41 Wheelbarrow
25:41 Light Cavalry
28:32 Hand Cart
31:59 Imperial Age
32:25 Gold Mining
33:27 Murder Holes
33:14 Pikeman
34:47 Bow Saw
35:36 Conscription
36:42 Chemistry
35:24 Hussar
36:02 Capped Ram
37:13 Double Crossbow
38:43 Heavy Scorpion
40:22 Bloodlines
40:14 Husbandry
42:32 Siege Ram
45:53 Forging
45:49 Scale Barding Armor
45:45 Scale Mail Armor
45:37 Fletching
46:00 Padded Archer Armor
45:47 Horse Collar
46:54 Onager
48:41 Heavy Plow
49:54 Crop Rotation
53:32 Leather Archer Armor
53:14 Bodkin Arrow
53:55 Iron Casting
53:37 Chain Mail Armor
54:02 Elite Skirmisher
59:57 Caravan
61:39 Chain Barding Armor
67:03 Blast Furnace
mauri90.hermosilla
12:21 Feudal Age
16:51 Castle Age
16:28 Man-at-Arms
17:22 Forging
17:33 Scale Mail Armor
17:30 Gold Mining
17:23 Horse Collar
18:14 Long Swordsman
18:57 Squires
19:32 Gambesons
21:04 Gold Shaft Mining
22:39 Caravan
25:17 Iron Casting
24:52 Scale Barding Armor
24:49 Light Cavalry
25:32 Husbandry
26:37 Wheelbarrow
29:32 Chain Barding Armor
30:55 Chain Mail Armor
38:53 Imperial Age
37:50 Bloodlines
38:56 Hand Cart
38:56 Pikeman
39:41 Halberdier
41:03 Manipur Cavalry
41:26 Conscription
41:42 Town Watch
42:52 Heavy Plow
43:28 Fletching
59:38 Crop Rotation
60:43 Guilds
rooney
11:12 Feudal Age
17:22 Castle Age
17:35 Fletching
17:33 Loom
19:00 Bodkin Arrow
22:55 Double-Bit Axe
22:52 Horse Collar
23:10 Stone Mining
28:48 Stone Shaft Mining
29:45 Squires
30:11 Heavy Plow
35:08 Imperial Age
33:14 Wheelbarrow
32:24 Town Watch
32:59 Gold Mining
35:05 Bow Saw
35:10 Forging
35:01 Scale Mail Armor
35:55 Ironclad
36:14 Conscription
35:48 Elite Teutonic Knight
37:05 Iron Casting
39:03 Chain Mail Armor
39:48 Blast Furnace
40:14 Chemistry
39:35 Ballistics
41:50 Crop Rotation
42:22 Two-Man Saw
48:49 Plate Mail Armor
53:20 Padded Archer Armor
53:34 Siege Engineers
54:15 Elite Skirmisher
Connection lost

Rejoining the realm…

Still unreachable

The connection could not be restored.

Session expired

The server has moved on; the page needs a fresh start.